 Dungeon Crawl Stone Soup version 0.31-a0-986-g5e6e4ef867 (webtiles) character file.

Game seed: 12548344699615786017

156 sammy202020 the Trooper (level 5, -1/47 HPs)
             Began as a Minotaur Fighter on Nov 22, 2023.
             Slain by an iguana (9 damage)
             ... on level 6 of the Dungeon.
             The game lasted 00:04:10 (2082 turns).

sammy202020 the Trooper (Minotaur Fighter)          Turns: 2082, Time: 00:04:11

Health: -1/47      AC:  8    Str: 20    XL:     5   Next: 15%
Magic:  4/4        EV:  9    Int:  7    God:
Gold:   158        SH:  5    Dex: 10    Spells: 4/4 levels left

rFire   . . .        a - +1 war axe
rCold   . . .        c - +1 buckler
rNeg    . . .        b - +0 scale mail
rPois   .            (helmet restricted)
rElec   .            (no cloak)
rCorr   .            (no gloves)
SInv    .            f - +0 pair of boots
Will    .....        (no amulet) Stlth
                     (no ring)
HPRegen 0.27/turn    (no ring)
MPRegen 0.09/turn

%: no passive effects
@: no status effects
A: horns 2, retaliatory headbutt
a: no special abilities


You were on level 6 of the Dungeon.
You visited 1 branch of the dungeon, and saw 4 of its levels.

You collected 158 gold pieces.

Inventory:

Hand Weapons
 a - a +1 war axe (weapon)
 j - a +0 flail
Armour
 b - a +0 scale mail (worn)
 c - a +1 buckler (worn)
 f - a +0 pair of boots (worn)
Wands
 l - a wand of roots (3)
Scrolls
 h - 2 scrolls of poison
Potions
 d - a potion of might
 e - 2 potions of attraction


   Skills:
 * Level 4.5 Fighting
 * Level 3.5(3.7) Axes
 + Level 1.7(2.8) Maces & Flails
 * Level 4.5 Armour
 + Level 1.3 Dodging
 * Level 4.4 Shields


You had 4 spell levels left.
You didn't know any spells.
Your spell library contained the following spells:

 Spells                   Type           Power      Damage    Failure   Level
 Apportation              Tloc           0%         N/A       83%         1
 Necrotise                Necr           0%         1d4       83%         1
 Summon Small Mammal      Summ           0%         N/A       83%         1


Dungeon Overview and Level Annotations

Branches:
Dungeon (3/15)

Altars:
Nemelex Xobeh
Ru
Uskayaw

Shops:
D:1 =   D:3 :


Innate Abilities, Weirdness & Mutations

You have a pair of horns on your head.
You reflexively headbutt those who attack you in melee.


Message History

You barely miss the hound. Your headbutt misses the hound.
The hound is almost dead.
You barely miss the iguana. The hound closely misses you. The iguana bites you.
The hound bites you. The iguana bites you!
* * * LOW HITPOINT WARNING * * *
You are too injured to fight recklessly!
You are too injured to fight recklessly!
You are too injured to fight recklessly!
You are too injured to fight recklessly!
You are too injured to fight recklessly!
You are too injured to fight recklessly!
You are too injured to fight recklessly!
You are too injured to fight recklessly!
You are too injured to fight recklessly!
You are too injured to fight recklessly!
You are too injured to fight recklessly!
You are too injured to fight recklessly!
You are too injured to fight recklessly!
You are too injured to fight recklessly!
You are too injured to fight recklessly!
You are too injured to fight recklessly!
You are too injured to fight recklessly!
You are too injured to fight recklessly!
You are too injured to fight recklessly!
You are too injured to fight recklessly!
You slash the hound!
You kill the hound!
You closely miss the iguana. The iguana closely misses you.
You have reached level 5!
You closely miss the iguana. The iguana bites you.
* * * LOW HITPOINT WARNING * * *
You hit the iguana but do no damage. You headbutt the iguana!
The iguana is heavily wounded.
The iguana bites you.
* * * LOW HITPOINT WARNING * * *
The iguana barely misses you.
You hit the iguana but do no damage. Your headbutt misses the iguana.
The iguana is heavily wounded.
The iguana bites you!
You die...

#. . #. ###.#######
.........# .
##.#.....#####
.#..##....@".......
.......#...l.......
>...##.........###.
............##.#
......#...## #
..........##
....##)#..#
..........#
.<..####.##


You could see an iguana.

Vanquished Creatures
  A hound (D:6)
  3 adders
  4 gnolls (D:2)
  An ufetubus (D:6)
  A worm (D:2)
  A dart slug (D:1)
  An orc (D:6)
  5 endoplasms
  3 giant cockroaches
  3 goblins
  5 hobgoblins
  4 quokkas
  5 ball pythons
  6 bats
  5 kobolds
  4 rats
52 creatures vanquished.

Notes
Turn   | Place    | Note
-------+----------+-------------------------------------------
     0 | D:1      | sammy202020 the Minotaur Fighter began the quest for the
                  | Orb.
     0 | D:1      | Reached XP level 1. HP: 19/19 MP: 0/0
   224 | D:1      | Reached XP level 2. HP: 19/27 MP: 1/1
   330 | D:1      | Found a faded altar of an unknown god.
   451 | D:1      | Found Afuliafu's Jewellery Shop.
  1292 | D:2      | Reached XP level 3. HP: 33/33 MP: 2/2
  1297 | D:2      | Reached skill level 1 in Maces & Flails
  1353 | D:2      | Reached skill level 1 in Dodging
  1356 | D:2      | Reached XP level 4. HP: 40/40 MP: 3/3
  1441 | D:2      | Identified the +11 spear of the Tired Gods {speed, rElec
                  | Stlth+}
  1902 | D:3      | Found Xueluts's Book Boutique.
  1951 | D:3      | Found a hide-covered altar of Uskayaw.
  1951 | D:3      | Found a sparkling altar of Nemelex Xobeh.
  1952 | D:3      | Found a sacrificial altar of Ru.
  2020 | D:3      | You fall into a shaft and drop 3 floors!
  2080 | D:6      | Reached XP level 5. HP: 11/47 MP: 4/4
  2082 | D:6      | Slain by an iguana

Illustrated notes

Levels and vault maps discovered:
D:1:      saegor_arrival_simple_a, layout_basic,
          shapermc_ecumenical_altar_petra, serial_shops, nicolae_shop_trees,
          minmay_misc_feat_roman
D:2:      layout_loops_cross
D:3:      kennysheep_six_static_rooms, layout_rooms,
          nicolae_overflow_quartered_altars, serial_shops,
          nicolae_shop_tiny_statue_garden
D:6:      layout_loops_ring, serial_shops, nicolae_shop_gaudy_bauble,
          uniq_eustachio

Skill      XL: |  1  2  3 |
---------------+----------+-----
Armour         | 4 |  4.5
Fighting       | 4 |  4.5
Maces & Flails | 1 |  1.7
Shields        | 4 |  4.4
Axes           | 3 |  3.5
Dodging        | 1 |  1.3

Action                     |  1- 3 |  4- 6 || total
---------------------------+-------+-------++-------
  Melee: War axe           |    74 |    47 ||   121
         Headbutt          |     7 |     7 ||    14
    Use: Scroll            |     7 |     2 ||     9
         Potion            |       |     1 ||     1
 Armour: Scale mail        |    53 |    40 ||    93
  Dodge: Dodged            |    48 |    25 ||    73
  Block: Buckler           |    29 |    12 ||    41

Table legend: (Time is in decaauts)
 A = Elapsed time spent in this place.
 B = Non-inter-level travel time spent in this place.
 C = Inter-level travel time spent in this place.
 D = Time resting spent in this place.
 E = Time spent auto-exploring this place.
 F = Levels seen in this place.
 G = Mean time per level.
                   A        B        C        D        E       F      G
               +--------+--------+--------+--------+--------+-----+--------+
         Total |   2127 |   2054 |     73 |    200 |   1491 |   4 |  531.8 |
       Dungeon |   2127 |   2054 |     73 |    200 |   1491 |   4 |  531.8 |
               +--------+--------+--------+--------+--------+-----+--------+

Top non-repeatable levels by time:
     D:1: 1114 daAuts
     D:2: 797 daAuts
     D:3: 148 daAuts
     D:6: 66 daAuts
